 Dungeon Crawl Stone Soup version 0.16.1-14-g82efdee (webtiles) character file.

79 M4edhros the Charlatan (level 4, -1/28 HPs)
             Began as an Octopode Artificer on Apr 14, 2015.
             Slain by Grinder (2 damage)
             ... on level 4 of the Dungeon.
             The game lasted 00:01:54 (696 turns).

M4edhros the Charlatan (Octopode Artificer)          Turns: 696, Time: 00:01:55

Health: -1/28      AC:  1    Str: 10    XL:     4   Next: 37%
Magic:  6/6        EV: 13    Int: 14    God:
Gold:   48         SH:  0    Dex: 13    Spells: 0 memorised, 3 levels left

rFire  . . .     SeeInvis .     a - +0 short sword
rCold  . . .     Clarity  .     (no shield)
rNeg   . . .     SustAb   .     (helmet restricted)
rPois  .         Gourm    .     g - amulet of regeneration
rElec  .         Spirit   .     (no ring)
rCorr  .         Warding  .     (no ring)
rMut   .         Stasis   .     (no ring)
MR     .....                    (no ring)
Stlth  +++.......               (no ring)
                                (no ring)
                                (no ring)
                                (no ring)

@: lethally poisoned (-1 -> -1), not resistant to hostile enchantments, fairly
stealthy
A: almost no armour, amphibious, 8 rings, constrict 8, camouflage 1, gelatinous
body 1
a: no special abilities


You were on level 4 of the Dungeon.
You were not hungry.

You visited 1 branch of the dungeon, and saw 4 of its levels.

You collected 48 gold pieces.

Inventory:

Hand weapons
 a - a +0 short sword (weapon)
Jewellery
 g - an amulet of regeneration (around mantle)
Magical devices
 b - a wand of flame (15)
 c - a wand of enslavement (12)
 d - a wand of random effects (13)
Scrolls
 i - a scroll of enchant weapon {unknown}
Potions
 e - a potion of brilliance {unknown}
 h - a potion of mutation {unknown}
 j - a potion of curing {unknown}
Comestibles
 f - a bread ration


   Skills:
 - Level 1.0 Fighting
 - Level 1.0 Short Blades
 + Level 3.0 Dodging
 + Level 3.2 Stealth
 + Level 4.4 Evocations


You had 3 spell levels left.
You didn't know any spells.

Dungeon Overview and Level Annotations

Branches:
Dungeon (4/15)
 Temple: D:4-7

Altars:

Annotations:
D:4 Grinder


Innate Abilities, Weirdness & Mutations

You cannot wear most types of armour.
You are amphibious.
You can wear up to eight rings at the same time.
You can use your tentacles to constrict many enemies at once.
Your skin changes colour to match your surroundings (Stealth).
Your rubbery body absorbs attacks (AC +1).


Message History

Press: ? - help, Shift-Dir - straight line, f/p - Grinder
Aim: Grinder (moderately wounded, slow, chance 55%)
The adder struggles to resist.
This wand has 13 charges left.
The adder bites you.
You are more poisoned.
The adder poisons you! Grinder hits you!
* * * LOW HITPOINT WARNING * * *
You writhe in agony. x2
The adder misses you.
Evoke which item? (* to show all) (? for menu, Esc to quit)
Zapping:
c - a wand of enslavement (13)
Press: ? - help, Shift-Dir - straight line, f/p - Grinder
Aim: Grinder (moderately wounded, slow, chance 55%)
The adder struggles to resist.
This wand has 12 charges left.
You feel sick. The adder completely misses you.
Grinder says, "DUCK!"
Grinder hits you.
* * * LOW HITPOINT WARNING * * *
You writhe in agony.
You die...

........!..................
....!..........##...........
...............##...........
#.....[..=....##............
.#...........................
.........#...................
.........#...##..............
............S##.)[...........
..........5@................
....##...........#.........#
....##..........##........>.
.g.............##.......###
.........................
.......##................
.....................$..
......................#
.....................#


You could see Grinder and an adder.

Vanquished Creatures
  An iguana (D:4)
  3 adders
  2 worms
  A giant gecko (D:4)
  2 hobgoblins (D:3)
  A kobold (D:1)
  3 bats (D:1)
  4 goblins
  5 rats
22 creatures vanquished.

Notes
Turn   | Place    | Note
--------------------------------------------------------------
     0 | D:1      | M4edhros, the Octopode Artificer, began the quest for the Orb.
     0 | D:1      | Reached XP level 1. HP: 13/13 MP: 1/1
   142 | D:1      | Reached XP level 2. HP: 18/18 MP: 3/3
   305 | D:2      | Reached skill level 4 in Evocations
   305 | D:2      | Reached XP level 3. HP: 15/23 MP: 5/5
   628 | D:4      | Noticed Grinder
   657 | D:4      | Reached XP level 4. HP: 21/28 MP: 6/6
   696 | D:4      | HP: 1/28 [Grinder (5)]
   696 | D:4      | Slain by Grinder

Action                   |  1- 3 |  4- 6 || total
-------------------------+-------+-------++-------
Melee: Short sword       |    51 |     7 ||    58
Evoke: Wand              |     1 |     4 ||     5
 Stab: Sleeping          |     7 |       ||     7
       Distracted        |     1 |       ||     1
